Unix NetHack Version 5.0.0-0 post-release - last build Jul 19 2026 19:10:59 (3aa4ab31751d3886436d94b585a96704892fd477,branch:main).

Game began 2026-07-21 23:49:39, ended 2026-07-22 00:00:42.

Jinnora, neutral female human Wizard

   ----------                        -------#------
   |..........          ------       |.....(......|
   |..........|         .....-#      |...% %......|
   |..........|         |....|#######......(.@....|
   |...........         |....|       --------|--.--
   |..........          |....|
   -.--.- ---          #.....|
    #  ######       ####|....|
    #       #       #   ------
    #       ###     #                        .
    #         #     #                        .
    ###`      #     #                        .
       ###    #    ##                        .
        -.----.----#                         .
        |.........|#                        ---
        |...<......#
        |.........|
        |.......{.|
        -----------

Jinnora the Conjurer      St:11 Dx:11 Co:13 In:16 Wi:11 Ch:11  Neutral
Dlvl:5  $:34 HP:30(30) Pw:26(43) AC:6  Xp:5/192 T:1681 

Latest messages:
 What do you want to wear? [U or ?*] U
 You finish your dressing maneuver.
 What do you want to take off? [bU or ?*] U
 You finish taking off your boots.
 What do you want to drop? [$a-jn-su-zA-LN-U or ?*] U
 You drop a +0 pair of combat boots (unpaid, 50 zorkmids).
 You see here a blue and green shield (for sale, 7 zorkmids).
 You see here an iron skull cap (for sale, 10 zorkmids).
 You see here a crystal helmet (for sale, 50 zorkmids).
 "For you, honored lady; only 50 zorkmids for this crystal helmet."
 V - a crystal helmet (unpaid, 50 zorkmids).
 You bought a crystal helmet for 50 gold pieces.
 "Thank you for shopping in Zonguldak's used armor dealership!"
 What do you want to wear? [V or ?*] V
 You finish your dressing maneuver.
 What do you want to take off? [bV or ?*] V
 You can't.  It is cursed.
 You see here an iron skull cap (for sale, 10 zorkmids).
 You see here a blue and green shield (for sale, 7 zorkmids).
 You see here a +0 pair of combat boots (for sale, 50 zorkmids).
 You descend the stairs.
 You hear someone counting gold coins.
 You hear the splashing of a naiad.
 You try to move the boulder, but in vain.
 You try to move the boulder, but in vain.
 The hill orc picks up an iron skull cap {buy 10}.
 The hill orc wields a curved sword!
 In what direction? 9
 The spell hits the hill orc!
 You kill the hill orc!
 There are several objects here.
 There is a hill orc corpse here; eat it? [ynq] (n) y
 This hill orc corpse is stringy.
 Augmentedfourth's ghost wakes up!
 You stop eating the hill orc corpse.
 You hear a distant zap.
 You smell mushrooms.
 You hear a clank.
 You miss augmentedfourth's ghost.
 You see here a hill orc corpse.
 You see here a leash.
 You see here a hill orc corpse.
 Augmentedfourth's ghost touches you!
 You see here a pick-axe.
 There is a grave here.
 Something is engraved here on the headstone.
 You read: "augmentedfourth, killed by a wand".
 There are many objects here.
 Really quit without saving? [yn] (n) y
 Do you want your possessions identified? [ynq] (y) q

Inventory:
 Coins    ('$')
  $ - 34 gold pieces
 Weapons  (')')
  z - a blessed +2 dart
  E - 17 uncursed +0 darts
  F - an uncursed poisoned +0 dart
  y - 5 uncursed +0 daggers
  a - a blessed +1 quarterstaff (weapon in hands)
 Armor    ('[')
  V - a cursed -1 helm of brilliance (being worn)
  b - a blessed +3 cloak of magic resistance (being worn)
 Comestibles  ('%')
  D - an uncursed food ration
  C - a cursed food ration
  A - 2 uncursed fortune cookies
  w - an uncursed lembas wafer
  q - 2 uncursed pancakes
  G - 2 cursed tripe rations
  v - 2 uncursed lichen corpses
 Scrolls  ('?')
  T - a blessed scroll of blank paper
  S - 3 uncursed scrolls of blank paper
  R - a cursed scroll of blank paper
  Q - an uncursed scroll of destroy armor
  x - a cursed scroll of enchant weapon
  i - an uncursed scroll of light
  p - an uncursed scroll of magic mapping
  P - an uncursed scroll of remove curse
  j - a blessed scroll of scare monster
  s - an uncursed scroll of teleportation
 Potions  ('!')
  f - an uncursed potion of confusion
  u - a cursed potion of enlightenment
  O - an uncursed potion of gain energy
  r - 4 uncursed potions of healing
  g - an uncursed potion of restore ability
  h - a blessed potion of sleeping
 Rings    ('=')
  d - an uncursed +1 ring of adornment
  e - an uncursed ring of protection from shape changers
 Wands    ('/')
  N - an uncursed wand of digging (0:6)
  c - an uncursed wand of locking (0:8)
 Tools    ('(')
  o - an uncursed blindfold
  H - an uncursed magic marker (0:66)
  n - an uncursed magic marker (0:19)
 Gems/Stones  ('*')
  I - an uncursed worthless piece of black glass
  J - 2 uncursed worthless pieces of orange glass
  L - 2 uncursed worthless pieces of violet glass
  K - a cursed worthless piece of violet glass
  B - an uncursed worthless piece of white glass

Jinnora the Wizard's attributes:

Background:
 You were a Conjurer, a level 5 female human Wizard.
 You were neutral, nominally on a mission for Thoth
 who was opposed by Ptah (lawful) and Anhur (chaotic).
 You were right-handed.
 You were in the Dungeons of Doom, on level 5.
 You entered the dungeon 1681 turns ago.
 It was the midnight hour.
 You had 192 experience points, 128 more were needed to attain level 6.

Basics:
 You had all 30 hit points.
 You had 26 out of 43 energy points (spell power).
 Your armor class was 6.
 Your wallet contained 34 zorkmids.
 Autopickup was off.

Final Characteristics:
 Your strength was 11 (limit:18/100).
 Your dexterity was 11 (peak:12, limit:18).
 Your constitution was 13 (limit:18).
 Your intelligence was 16 (base:17, limit:18).
 Your wisdom was 11 (base:12, limit:18).
 Your charisma was 11 (limit:18).

Final Status:
 You weren't hungry.
 You were unencumbered.
 You were wielding a quarterstaff.
 You had basic skill with quarterstaff.

Final Attributes:
 You were devoutly aligned.
 You were magic-protected.
 You were telepathic.
 You were warded.
 You survived.

Miscellaneous:
 You encountered 1 bones level.
 Total elapsed playing time was 11 minutes and 3 seconds.

Major events:
 Turn
    1: Jinnora the neutral female human Wizard entered the dungeon
  459: entered the Gnomish Mines
  735: attained the rank of Conjurer (level 3)
 1681: quit

Spells:
 Name                 Level Category     Fail Retention
 force bolt             1   attack         0%  91%-100%
 identify               3   divination    96%  76%-100%

Skills:
 Fighting Skills
   bare handed combat [Unskilled]
   riding             [Unskilled]
 Weapon Skills
   dagger             [Unskilled]
   knife              [Unskilled]
   axe                [Unskilled]
   short sword        [Unskilled]
   club               [Unskilled]
   mace               [Unskilled]
   quarterstaff       [Basic]
   polearms           [Unskilled]
   spear              [Unskilled]
   trident            [Unskilled]
   sling              [Unskilled]
   dart               [Unskilled]
   shuriken           [Unskilled]
 Spellcasting Skills
   attack spells      [Basic]
   healing spells     [Unskilled]
   divination spells  [Unskilled]
   enchantment spells [Basic]
   clerical spells    [Unskilled]
   escape spells      [Unskilled]
   matter spells      [Unskilled]

Voluntary challenges:
 Character rerolling was not enabled.
 You were an atheist.
 You never genocided any monsters.
 You never polymorphed an object.
 You never changed form.
 You used no wishes.
Achievements:
 You entered the Gnomish Mines.
 You attained the rank of Conjurer.
 You entered a shop.

 The Dungeons of Doom: levels 1 to 5
    Level 1:
    Level 2:
       Stairs down to The Gnomish Mines.
    Level 3:
       A fountain.
    Level 4:
       An armor shop, some fountains.
    Level 5: <- You were here.
       A fountain, a grave.
       Final resting place for
          augmentedfourth-Val-Dwa-Fem-Law, killed by a wand.
 The Gnomish Mines: levels 3 to 4
    Level 3:
    Level 4:


Vanquished creatures:
  a gnome leader
  a gnomish wizard
  2 paper golems
  a floating eye
  a kitten
  2 dwarves
  a hill orc
  a rothe
  a hobbit
  2 yellow molds
 12 gnomes
  3 geckos
  a fox
  a kobold
  2 goblins
  a grid bug
  2 lichens
  2 newts
37 creatures vanquished.

No species were genocided or became extinct.

Goodbye Jinnora the Wizard...

You quit in The Dungeons of Doom on dungeon level 5 with 1012 points,
and 34 pieces of gold, after 1681 moves.
You were level 5 with a maximum of 30 hit points when you quit.

